 Dungeon Crawl Stone Soup version 0.25-a0-435-g4b9beb1 (webtiles) character file.

Game seed: 10212413292803002985, levelgen mode: deterministic

11 2tousent the Vexing (level 2, 0/11 HPs)
             Began as a Felid Enchanter on Jan 29, 2020.
             Slain by a bat (1 damage)
             ... on level 1 of the Dungeon.
             The game lasted 00:01:56 (264 turns).

2tousent the Vexing (Felid Enchanter)                Turns: 264, Time: 00:01:56

Health: 0/11       AC:  1    Str:  4    XL:     2   Next: 13%
Magic:  6/6        EV: 18    Int: 16    God:
Gold:   46         SH:  0    Dex: 16    Spells: 4/5 levels left
                                        Lives:  0   Deaths: 0

rFire    . . .     SeeInvis +     - Unarmed
rCold    . . .     Gourm    .   (shield unavailable)
rNeg     . . .     Faith    .   (armour unavailable)
rPois    .         Spirit   .   (helmet unavailable)
rElec    .         Reflect  .   (cloak unavailable)
rCorr    .         Harm     .   (gloves unavailable)
MR       .....                  (boots unavailable)
Stlth    +++.......             (no amulet)
HPRegen  0.03/turn              (no ring)
MPRegen  0.10/turn              (no ring)

@: quick
A: very small, no armour, no weapons or thrown items, stealth, claws 1, fangs 3,
see invisible, carnivore, speed 1, shaggy fur 1, slow metabolism 1, sharp paws
a: no special abilities


You were on level 1 of the Dungeon.
You were not hungry.

You visited 1 branch of the dungeon, and saw 1 of its levels.

You collected 46 gold pieces.

Inventory:

Scrolls
 a - a scroll of fog {unknown}
 d - a scroll of teleportation {unknown}
 f - a scroll of enchant armour {unknown}
Potions
 c - a potion of degeneration {unknown}
 e - a potion of ambrosia {unknown}
Comestibles
 b - a ration


   Skills:
 + Level 3.0 Dodging
 + Level 4.3 Stealth
 + Level 1.3 Unarmed Combat
 - Level 2.0 Spellcasting
 + Level 4.6 Hexes


You had 4 spell levels left.
You knew the following spells:

 Your Spells              Type           Power        Failure   Level  Hunger
a - Corona                Hex            ###....      3%          1    #......

Your spell library contained the following spells:

 Spells                   Type           Power        Failure   Level  Hunger
 Confusing Touch          Hex            ###.....     9%          3    ###....
 Tukima's Dance           Hex            ###.....     9%          3    ###....
 Ensorcelled Hibernation  Hex/Ice        #.....       12%         2    ###....
 Dazzling Flash           Conj/Hex       #.....       24%         3    ###....


Dungeon Overview and Level Annotations

Branches:
Dungeon (1/15)

Altars:


Innate Abilities, Weirdness & Mutations

You cannot wear armour.
You are incapable of wielding weapons or throwing items.
Your paws allow you to move quietly. (Stealth)
You have sharp claws.
You have razor-sharp teeth.
You have supernaturally acute eyesight. (SInv)
You are carnivorous and can eat meat at any time.
You cover ground quickly.
You are covered in fur. (AC +1)
You have a slow metabolism.
Your sharp claws are effective at attacking unaware monsters.


Message History

You are too injured to fight recklessly!
You are too injured to fight recklessly!
You are too injured to fight recklessly!
You are too injured to fight recklessly!
You are too injured to fight recklessly!
You are too injured to fight recklessly!
You are too injured to fight recklessly!
You are too injured to fight recklessly!
You are too injured to fight recklessly!
The bat barely misses you. The bat misses you. The bat misses you.
The bat misses you. The bat closely misses you.
You closely miss the bat. The bat hits you.
* * * LOW HITPOINT WARNING * * *
The bat completely misses you.
You barely miss the bat. The bat closely misses you.
You barely miss the bat. The bat hits you but does no damage.
You closely miss the bat. The bat closely misses you. The bat hits you.
You die...

########.#.....#.............>..
#......#....####................
#......###..####................
#...............................
#......###.##.####...........)..
#......# #.##.....g####.#####...
####...###.#######....# #...
###.#......#.blg...# ##..
#.#......#@####### #..#
#.#........# #.# #.#......###
... #.#......# #. #...######
###...# ###.# [.. ###


You could see a goblin, a bat and a frilled lizard.

Vanquished Creatures
  A ball python (D:1)
  3 bats (D:1)
  A hobgoblin (D:1)
  3 frilled lizards (D:1)
  2 kobolds (D:1)
  A rat (D:1)
11 creatures vanquished.

Notes
Turn   | Place    | Note
-------+----------+-------------------------------------------
     0 | D:1      | 2tousent the Felid Enchanter began the quest for the Orb.
     0 | D:1      | Reached XP level 1. HP: 7/7 MP: 4/4
     2 | D:1      | Noticed a demigod
     4 | D:1      | Noticed an elf
     4 | D:1      | Noticed a centaur
     6 | D:1      | Noticed a ghoul
     6 | D:1      | Noticed an ogre
     8 | D:1      | Noticed a vine stalker
     8 | D:1      | Noticed a dwarf
    10 | D:1      | Noticed a tengu
    10 | D:1      | Noticed an octopode
    12 | D:1      | Noticed a formicid
    14 | D:1      | Noticed a merfolk
    14 | D:1      | Noticed a naga
    16 | D:1      | Noticed a human
    18 | D:1      | Noticed a felid
    20 | D:1      | Noticed a halfling
    20 | D:1      | Noticed a spriggan
    22 | D:1      | Noticed a vampire
    22 | D:1      | Noticed a gargoyle
    24 | D:1      | Noticed a minotaur
    24 | D:1      | Noticed a demonspawn
    26 | D:1      | Noticed a troll
    26 | D:1      | Noticed a draconian
   164 | D:1      | Reached XP level 2. HP: 11/11 MP: 6/6
   264 | D:1      | Slain by a bat

Levels and vault maps discovered:
D:1:      kb_arrival_jail, layout_rooms

Skill      XL: |  1 |
---------------+----+-----
Dodging        | 3 |  3.0
Stealth        | |  4.3
Unarmed Combat | |  1.3
Spellcasting   | |  2.0
Hexes          | |  4.6

Action                   || total
-------------------------++-------
Melee: Unarmed           ||    45
       Bite              ||     6
 Stab: Sleeping          ||     3
Armor: Skin              ||     4
Dodge: Dodged            ||    49

Table legend:
 A = Non-vault XP
 B = Vault XP
 C = Vault XP percentage of total XP
 D = Non-vault monster count
 E = Vault monster count
 F = Vault count percentage of total count
                 A         B        C        D         E       F
            +---------+---------+-------+---------+---------+-------
      Total |      16 |       0 |   0.0 |      11 |       0 |   0.0
            +---------+---------+-------+---------+---------+-------
        D:1 |      16 |       0 |   0.0 |      11 |       0 |   0.0
            +---------+---------+-------+---------+---------+-------
